 Dungeon Crawl Stone Soup version 0.20.1-1-g8b1a95d (webtiles) character file.

308 polve the Chopper (level 6, -3/44 HPs)
             Began as a Demonspawn Gladiator on July 6, 2017.
             Slain by an orc
             ... wielding a +0 falchion
              (6 damage)
             ... on level 4 of the Dungeon.
             The game lasted 00:03:02 (3512 turns).

polve the Chopper (Demonspawn Gladiator)            Turns: 3512, Time: 00:03:04

Health: -3/44      AC:  8    Str: 16    XL:     6   Next: 16%
Magic:  6/6        EV: 10    Int: 10    God:
Gold:   121        SH:  0    Dex: 14    Spells: 5/5 levels left

rFire    . . .     SeeInvis .   a - +0 war axe
rCold    + + .     Gourm    .   (no shield)
rNeg     . . .     Faith    .   e - +0 scale mail
rPois    .         Spirit   .   c - +0 helmet
rElec    .         Reflect  .   (no cloak)
rCorr    .         Harm     .   (no gloves)
MR       .....     Clarity  +   (no boots)
Stlth    ..........             (no amulet)
Regen    0.2/turn               (no ring)
MPRegen  0.1/turn               (no ring)

@: no status effects
A: blurry vision 1, clarity, cold resistance 2
a: no special abilities


You were on level 4 of the Dungeon.
You were not hungry.

You visited 1 branch of the dungeon, and saw 4 of its levels.

You collected 121 gold pieces.

Inventory:

Hand Weapons
 a - a +0 war axe (weapon)
Missiles
 d - 3 throwing nets (quivered)
Armour
 c - a +0 helmet (worn)
 e - a +0 scale mail (worn)
Jewellery
 i - an uncursed ring of ice {unknown}
Scrolls
 g - 2 scrolls of fear {unknown}
 j - a scroll of immolation {unknown}
 k - 2 scrolls of remove curse {unknown}
 n - 2 scrolls of identify {unknown}
 o - a scroll of recharging {unknown}
 p - a scroll of fog {unknown}
Potions
 b - a potion of brilliance {unknown}
 l - a potion of heal wounds {unknown}
 m - 2 potions of mutation
 r - a potion of agility {unknown}
Comestibles
 f - 5 bread rations
 h - a meat ration


   Skills:
 - Level 2.0 Fighting
 + Level 4.9 Axes
 - Level 1.7 Throwing
 + Level 3.7 Armour
 - Level 2.6 Dodging


You had 5 spell levels left.
You didn't know any spells.

Dungeon Overview and Level Annotations

Branches:
Dungeon (4/15)
 Temple: D:4-7

Altars:
Cheibriados
Elyvilon
Nemelex Xobeh
Okawaru
Sif Muna
Trog
Vehumet
Xom


Innate Abilities, Weirdness & Mutations

Your flesh is very cold resistant. (rC++)
Scrolls take you a little longer to read.
You possess an exceptional clarity of mind.


Message History

The hound is almost dead.
The hound misses you. The hound bites you.
* * * LOW HITPOINT WARNING * * *
The orc hits you but does no damage.
You closely miss the hound.
The hound is almost dead.
You hit the orc but do no damage. The hound barely misses you.
The orc hits you but does no damage. The hound barely misses you.
You hit the hound.
You kill the hound!
You closely miss the orc. The orc hits you with a falchion.
* * * LOW HITPOINT WARNING * * *
You closely miss the orc. The orc hits you but does no damage.
You barely miss the orc. The orc hits you but does no damage.
You hit the orc but do no damage. The orc hits you but does no damage.
The orc closely misses you.
You hit the orc.
The orc is heavily wounded.
The orc hits you with a falchion.
You die...

..#######.............
........#.............
........#.............
........#............
..............<....#
.......%...........+
.........##........##.
.........#####@$......
...o.........o........
..##..................
................####.
........#########...
.......>. ....
........# .?..
......... .... .......
...


You could see an orc.

Vanquished Creatures
  A bullfrog (D:3)
  A hound (D:4)
  An orc wizard (D:3)
  An orc priest (D:3)
  5 adders
  2 oozes (D:1)
  2 worms
  A dart slug (D:1)
  3 leopard geckos
  4 orcs (D:3)
  14 giant cockroaches
  6 goblins
  13 hobgoblins
  2 quokkas (D:3)
  A ball python (D:1)
  9 bats
  6 frilled lizards
  11 kobolds
  4 rats
87 creatures vanquished.

Notes
Turn   | Place    | Note
-------+----------+-------------------------------------------
     0 | D:1      | polve the Demonspawn Gladiator began the quest for the Orb.
     0 | D:1      | Reached XP level 1. HP: 16/16 MP: 1/1
   238 | D:1      | Reached skill level 3 in Axes
   253 | D:1      | Gained mutation: Your flesh is cold resistant. (rC+) [demonic ancestry]
   253 | D:1      | Reached XP level 2. HP: 18/22 MP: 2/2
   438 | D:1      | Reached skill level 1 in Armour
   931 | D:1      | Reached XP level 3. HP: 27/27 MP: 3/3
  1656 | D:2      | Found a shimmering altar of Xom.
  1691 | D:2      | Found an iron altar of Okawaru.
  1691 | D:2      | Found a white marble altar of Elyvilon.
  1691 | D:2      | Found a sparkling altar of Nemelex Xobeh.
  1693 | D:2      | Found a deep blue altar of Sif Muna.
  1694 | D:2      | Found a snail-covered altar of Cheibriados.
  1695 | D:2      | Found a bloodstained altar of Trog.
  1696 | D:2      | Found a radiant altar of Vehumet.
  2106 | D:2      | Reached XP level 4. HP: 33/33 MP: 4/4
  2321 | D:3      | Noticed a bullfrog
  2328 | D:3      | Gained mutation: Scrolls take you a little longer to read. [potion of mutation]
  2328 | D:3      | Gained mutation: Your flesh is very cold resistant. (rC++) [potion of mutation]
  2328 | D:3      | Gained mutation: You possess an exceptional clarity of mind. [potion of mutation]
  2329 | D:3      | Killed a bullfrog
  2329 | D:3      | Reached skill level 4 in Axes
  2512 | D:3      | Reached XP level 5. HP: 37/38 MP: 5/5
  3364 | D:3      | Reached XP level 6. HP: 37/44 MP: 6/6
  3508 | D:4      | HP: 2/44 [orc/falchion (1)]
  3512 | D:4      | Slain by an orc

Skill      XL: |  1  2  3  4  5 |
---------------+----------------+-----
Axes           | 3 4 |  4.9
Armour         | 1 2 3 |  3.7
Fighting       | |  2.0
Throwing       | |  1.7
Dodging        | |  2.6

Action                   |  1- 3 |  4- 6 || total
-------------------------+-------+-------++-------
Melee: War axe           |   127 |   128 ||   255
  Use: Potion            |       |     1 ||     1
  Eat: Chunk             |     4 |     5 ||     9
Armor: Scale mail        |    66 |    88 ||   154
Dodge: Dodged            |    76 |   106 ||   182
